BLB
TORONTO CANADIANS @ NEW ORLEANS VOODOO
09/15/2059
 
TOP OF THE 1ST
Toronto Canadians batting - Pitching for New Orleans Voodoo : RHP Ron Trent
Pitching: RHP Ron Trent
Batting: LHB Chase Calhoun 0-0: Ball
1-0: Swinging Strike
1-1: Foul Ball, location: 2F
1-2: Strikes out looking
Batting: RHB Olin Keele 0-0: Called Strike
0-1: SINGLE (Line Drive, 6MD, EV 103.8 MPH)
Batting: LHB Brian Wheat 0-0: Ball
Olin Keele is caught stealing 2nd base 2-6
1-0: Foul Ball, location: 2F
1-1: Ground out 1-3 (Groundball, 15S, EV 70.0 MPH)
Top of the 1st over - 0 runs, 1 hit, 0 errors, 0 left on base; Toronto 0 - New Orleans 0
BOTTOM OF THE 1ST
New Orleans Voodoo batting - Pitching for Toronto Canadians : RHP JaQuan Wamugunda
Pitching: RHP JaQuan Wamugunda
Batting: LHB Jordy Wovchanoff 0-0: Ball
1-0: Reached on error, E3 (Groundball, 3, EV 100.6 MPH)
Batting: LHB Daryl Walken 0-0: Swinging Strike
0-1: Ball
1-1: Grounds into double play, 6-4-3 (Groundball, 6M, EV 100.6 MPH)
Batting: RHB Lon Leseberg 0-0: Called Strike
0-1: Called Strike
0-2: Strikes out looking
Bottom of the 1st over - 0 runs, 0 hits, 1 error, 0 left on base; Toronto 0 - New Orleans 0
TOP OF THE 2ND
Toronto Canadians batting - Pitching for New Orleans Voodoo : RHP Ron Trent
Batting: LHB Kelvin Kenney 0-0: Ground out 6-3 (Groundball, 6M, EV 106.9 MPH)
Batting: LHB Braden Tallman 0-0: Ball
1-0: TRIPLE (Flyball, 89XD, EV 95.6 MPH)
Batting: LHB David Mitchell 0-0: Ball
1-0: Called Strike
1-1: Ball
2-1: Called Strike
2-2: Foul Ball, location: 2F
2-2: Ball
3-2: Fly out, F9 (Flyball, 9D, EV 66.9 MPH)
Runner from 3rd tags up, SCORES, throw by RF
Batting: LHB Cory Petit 0-0: Ball
1-0: Called Strike
1-1: Called Strike
1-2: Ball
2-2: Foul Ball, location: 2F
2-2: Strikes out swinging
Top of the 2nd over - 1 run, 1 hit, 0 errors, 0 left on base; Toronto 1 - New Orleans 0
BOTTOM OF THE 2ND
New Orleans Voodoo batting - Pitching for Toronto Canadians : RHP JaQuan Wamugunda
Batting: LHB Devin Welninski 0-0: Ball
1-0: Called Strike
1-1: Called Strike
1-2: Ball
2-2: Foul Ball, location: 2F
2-2: Strikes out swinging
Batting: LHB Tuck Vrsek 0-0: Ball
1-0: Called Strike
1-1: Ball
2-1: Swinging Strike
2-2: Ball
3-2: Foul Ball, location: 2F
3-2: SINGLE (Line Drive, 56D, EV 93.8 MPH)
Batting: SHB Jaden Maldonado 0-0: Ball
1-0: Called Strike
1-1: Called Strike
1-2: Ball
2-2: Ball
3-2: Foul Ball, location: 2F
3-2: Strikes out swinging
Batting: RHB Khaleen Romero 0-0: Called Strike
0-1: Ball
1-1: Swinging Strike
1-2: Ball
2-2: Ball
3-2: SINGLE (Line Drive, 56D, EV 101.2 MPH)
Tuck Vrsek to second
Tuck Vrsek to third
Batting: RHB Kip Clark 0-0: Ground out 4-3 (Groundball, 4, EV 86.9 MPH)
Bottom of the 2nd over - 0 runs, 2 hits, 0 errors, 2 left on base; Toronto 1 - New Orleans 0
TOP OF THE 3RD
Toronto Canadians batting - Pitching for New Orleans Voodoo : RHP Ron Trent
Batting: RHB Manuel Zaragoza 0-0: Ball
1-0: Fly out, F7 (Line Drive, 78D, EV 91.2 MPH)
Batting: RHB Keon Pryor 0-0: Foul Ball, location: 2F
0-1: Ball
1-1: Ball
2-1: Fly out, F7 (Line Drive, 7LS, EV 96.9 MPH)
Batting: LHB Chase Calhoun 0-0: Ball
1-0: Ball
2-0: TRIPLE (Flyball, 78XD, EV 107.5 MPH)
Batting: RHB Olin Keele 0-0: Called Strike
0-1: Swinging Strike
0-2: Fly out, F8 (Flyball, 8LD, EV 96.9 MPH)
Top of the 3rd over - 0 runs, 1 hit, 0 errors, 1 left on base; Toronto 1 - New Orleans 0
BOTTOM OF THE 3RD
New Orleans Voodoo batting - Pitching for Toronto Canadians : RHP JaQuan Wamugunda
Batting: RHB Seth Floyd 0-0: SINGLE (Groundball, 56D, EV 105.6 MPH)
Batting: LHB Jordy Wovchanoff 0-0: Foul Ball, location: 2F
0-1: Foul Ball, location: 2F
0-2: Ball
1-2: Ball
2-2: Ball
3-2: Base on Balls
Seth Floyd to second
Batting: LHB Daryl Walken 0-0: Called Strike
0-1: Ball
1-1: Swinging Strike
1-2: Ball
2-2: Ball
3-2: Grounds into double play, 6-4-3 (Groundball, 6, EV 98.8 MPH)
Seth Floyd to third
Batting: RHB Lon Leseberg 0-0: Called Strike
0-1: Called Strike
0-2: Ball
1-2: Foul Ball, location: 2F
1-2: Ball
2-2: 2-RUN HOME RUN (Flyball, 9LD, EV 93.8 MPH), Distance : 351 ft
Batting: LHB Devin Welninski 0-0: Called Strike
0-1: Ground out 3-1 (Groundball, 34S, EV 81.9 MPH)
Bottom of the 3rd over - 2 runs, 2 hits, 0 errors, 0 left on base; Toronto 1 - New Orleans 2
TOP OF THE 4TH
Toronto Canadians batting - Pitching for New Orleans Voodoo : RHP Ron Trent
Batting: LHB Brian Wheat 0-0: Ground out U3 (Groundball, 3, EV 86.2 MPH)
Batting: LHB Kelvin Kenney 0-0: Ball
1-0: SINGLE (Flyball, 7S, EV 93.8 MPH)
Batting: LHB Braden Tallman 0-0: Called Strike
0-1: Fly out, F7 (Flyball, 78S, EV 93.8 MPH)
Batting: LHB David Mitchell 0-0: Ball
1-0: Ball
2-0: Called Strike
2-1: Swinging Strike
2-2: Strikes out swinging
Top of the 4th over - 0 runs, 1 hit, 0 errors, 1 left on base; Toronto 1 - New Orleans 2
BOTTOM OF THE 4TH
New Orleans Voodoo batting - Pitching for Toronto Canadians : RHP JaQuan Wamugunda
Batting: LHB Tuck Vrsek 0-0: Ball
1-0: Called Strike
1-1: Ball
2-1: Foul Ball, location: 2F
2-2: Ball
3-2: Strikes out looking
Batting: SHB Jaden Maldonado 0-0: Called Strike
0-1: Ball
1-1: Foul Ball, location: 2F
1-2: Strikes out swinging
Batting: RHB Khaleen Romero 0-0: Foul Ball, location: 2F
0-1: Foul Ball, location: 2F
0-2: Ball
1-2: Foul Ball, location: 2F
1-2: Foul Ball, location: 2F
1-2: Foul Ball, location: 2F
1-2: Strikes out swinging
Bottom of the 4th over - 0 runs, 0 hits, 0 errors, 0 left on base; Toronto 1 - New Orleans 2
TOP OF THE 5TH
Toronto Canadians batting - Pitching for New Orleans Voodoo : RHP Ron Trent
Batting: LHB Cory Petit 0-0: Foul Ball, location: 2F
0-1: Ball
1-1: Ball
2-1: Ball
3-1: Called Strike
3-2: Base on Balls
Batting: RHB Manuel Zaragoza 0-0: Called Strike
0-1: Ball
1-1: Ball
2-1: Grounds into double play, 6-4-3 (Groundball, 6, EV 81.9 MPH)
Batting: RHB Keon Pryor 0-0: Called Strike
0-1: Foul Ball, location: 2F
0-2: DOUBLE (Line Drive, 7LD, EV 110.0 MPH)
Batting: LHB Chase Calhoun 0-0: 2-RUN HOME RUN (Flyball, 9LD, EV 95.0 MPH), Distance : 346 ft
Batting: RHB Olin Keele 0-0: Called Strike
0-1: Ground out 6-3 (Groundball, 6, EV 91.2 MPH)
Top of the 5th over - 2 runs, 2 hits, 0 errors, 0 left on base; Toronto 3 - New Orleans 2
BOTTOM OF THE 5TH
New Orleans Voodoo batting - Pitching for Toronto Canadians : RHP JaQuan Wamugunda
Batting: RHB Kip Clark 0-0: Ball
1-0: Foul Ball, location: 2F
1-1: Ball
2-1: Foul Ball, location: 2F
2-2: Foul Ball, location: 2F
2-2: Strikes out swinging
Batting: RHB Seth Floyd 0-0: Ball
1-0: Called Strike
1-1: Ball
2-1: Foul Ball, location: 2F
2-2: Foul Ball, location: 2F
2-2: Fly out, F9 (Flyball, 9S, EV 91.9 MPH)
Batting: LHB Jordy Wovchanoff 0-0: Ball
1-0: Ball
2-0: Called Strike
2-1: Foul Ball, location: 2F
2-2: Ball
3-2: Base on Balls
Batting: LHB Daryl Walken 0-0: Ball
1-0: Foul Ball, location: 2F
1-1: Ball
2-1: Called Strike
2-2: Foul Ball, location: 2F
2-2: Strikes out swinging
Bottom of the 5th over - 0 runs, 0 hits, 0 errors, 1 left on base; Toronto 3 - New Orleans 2
TOP OF THE 6TH
Toronto Canadians batting - Pitching for New Orleans Voodoo : RHP Ron Trent
Batting: LHB Brian Wheat 0-0: Ball
1-0: Ball
2-0: Swinging Strike
2-1: Foul Ball, location: 2F
2-2: Strikes out swinging
Batting: LHB Kelvin Kenney 0-0: Ball
1-0: SOLO HOME RUN (Flyball, 9D, EV 98.1 MPH), Distance : 367 ft
Batting: LHB Braden Tallman 0-0: Called Strike
0-1: Ball
1-1: Ball
2-1: Ball
3-1: Foul Ball, location: 2F
3-2: Strikes out looking
Batting: LHB David Mitchell 0-0: Ball
1-0: Swinging Strike
1-1: Foul Ball, location: 2F
1-2: Ball
2-2: Foul Ball, location: 2F
2-2: Ball
3-2: Strikes out swinging
Top of the 6th over - 1 run, 1 hit, 0 errors, 0 left on base; Toronto 4 - New Orleans 2
BOTTOM OF THE 6TH
New Orleans Voodoo batting - Pitching for Toronto Canadians : RHP JaQuan Wamugunda
Batting: RHB Lon Leseberg 0-0: Fly out, F8 (Line Drive, 8LM, EV 95.0 MPH)
Batting: LHB Devin Welninski 0-0: Swinging Strike
0-1: Swinging Strike
0-2: Ball
1-2: Ball
2-2: Strikes out looking
Batting: LHB Tuck Vrsek 0-0: Ball
1-0: Ball
2-0: Ball
3-0: Base on Balls
Batting: SHB Jaden Maldonado 0-0: Ball
1-0: Called Strike
1-1: SINGLE (Line Drive, 78S, EV 103.8 MPH)
Tuck Vrsek to second
Batting: RHB Khaleen Romero 0-0: SINGLE (Groundball, 4MD, EV 102.5 MPH)
Tuck Vrsek to third
Jaden Maldonado to second
Batting: RHB Kip Clark 0-0: Ball
1-0: Swinging Strike
1-1: Ball
2-1: Foul Ball, location: 2F
2-2: Strikes out looking
Bottom of the 6th over - 0 runs, 2 hits, 0 errors, 3 left on base; Toronto 4 - New Orleans 2
TOP OF THE 7TH
Toronto Canadians batting - Pitching for New Orleans Voodoo : RHP Ron Trent
Batting: LHB Cory Petit 0-0: SINGLE (Flyball, 8RS, EV 88.8 MPH)
Batting: RHB Manuel Zaragoza 0-0: Fly out, F8 (Flyball, 8RD, EV 99.4 MPH)
Batting: RHB Keon Pryor 0-0: Ball
1-0: Ball
2-0: Called Strike
2-1: Grounds into double play, 6-4-3 (Groundball, 6, EV 98.8 MPH)
Top of the 7th over - 0 runs, 1 hit, 0 errors, 0 left on base; Toronto 4 - New Orleans 2
BOTTOM OF THE 7TH
New Orleans Voodoo batting - Pitching for Toronto Canadians : RHP JaQuan Wamugunda
Batting: RHB Seth Floyd 0-0: Ball
1-0: Fly out, F8 (Flyball, 78XD, EV 105.0 MPH)
Batting: LHB Jordy Wovchanoff 0-0: Ball
1-0: Called Strike
1-1: Reached on error, E4 (Groundball, 4, EV 83.1 MPH)
Batting: LHB Daryl Walken 0-0: Called Strike
0-1: DOUBLE (Line Drive, 7LS, EV 95.0 MPH)
Jordy Wovchanoff to third
Batting: RHB Lon Leseberg 0-0: Ball
1-0: Foul Ball, location: 2F
1-1: TRIPLE (Line Drive, 89XD, EV 100.0 MPH)
Jordy Wovchanoff scores
Daryl Walken scores
Batting: LHB Devin Welninski 0-0: Fly out, F8 (Flyball, 78M, EV 91.9 MPH)
Runner from 3rd tags up, OUT at HOME! 8-2
Bottom of the 7th over - 2 runs, 2 hits, 1 error, 0 left on base; Toronto 4 - New Orleans 4
TOP OF THE 8TH
Toronto Canadians batting - Pitching for New Orleans Voodoo : RHP Ron Trent
Pitching: LHP Clinton Yates
Batting: LHB Chase Calhoun 0-0: Ball
1-0: Ball
2-0: Called Strike
2-1: Ball
3-1: Base on Balls
Batting: RHB Olin Keele 0-0: Ball
1-0: Called Strike
Chase Calhoun is caught stealing 2nd base 2-4
1-1: Ball
2-1: Foul Ball, location: 2F
2-2: Ball
3-2: Fly out, F4 (Popup, 13, EV 76.2 MPH)
Batting: LHB Brian Wheat 0-0: Fly out, F9 (Line Drive, 9, EV 89.4 MPH)
Top of the 8th over - 0 runs, 0 hits, 0 errors, 0 left on base; Toronto 4 - New Orleans 4
BOTTOM OF THE 8TH
New Orleans Voodoo batting - Pitching for Toronto Canadians : RHP JaQuan Wamugunda
Pitching: RHP Owen Carr
Batting: LHB Tuck Vrsek 0-0: Ball
1-0: Foul Ball, location: 2F
1-1: Swinging Strike
1-2: Ball
2-2: Foul Ball, location: 2F
2-2: Strikes out looking
Batting: SHB Jaden Maldonado 0-0: Called Strike
0-1: Called Strike
0-2: Foul Ball, location: 2F
0-2: Strikes out swinging
Batting: RHB Khaleen Romero 0-0: Ball
1-0: Ball
2-0: Called Strike
2-1: Swinging Strike
2-2: Strikes out swinging
Bottom of the 8th over - 0 runs, 0 hits, 0 errors, 0 left on base; Toronto 4 - New Orleans 4
TOP OF THE 9TH
Toronto Canadians batting - Pitching for New Orleans Voodoo : LHP Clinton Yates
Batting: LHB Kelvin Kenney 0-0: Swinging Strike
0-1: Foul Ball, location: 2F
0-2: Ball
1-2: Foul Ball, location: 2F
1-2: Foul Ball, location: 2F
1-2: Ball
2-2: Ball
3-2: Foul Ball, location: 2F
3-2: Ground out 6-3 (Groundball, 6M, EV 101.9 MPH)
Pinch Hitting: RHB Carlos Kinney 0-0: Foul Ball, location: 2F
0-1: Fly out, F7 (Line Drive, 78S, EV 88.8 MPH)
Batting: LHB David Mitchell 0-0: DOUBLE (Line Drive, 7LS, EV 90.6 MPH)
Batting: LHB Cory Petit 0-0: SINGLE (Flyball, 8RS, EV 85.6 MPH)
David Mitchell to third
Runner from 3rd tries for Home, SAFE, throw by CF to home
Batting: RHB Manuel Zaragoza 0-0: Fly out, F9 (Flyball, 89M, EV 93.1 MPH)
Top of the 9th over - 1 run, 2 hits, 0 errors, 1 left on base; Toronto 5 - New Orleans 4
BOTTOM OF THE 9TH
New Orleans Voodoo batting - Pitching for Toronto Canadians : RHP Owen Carr
Pitching: RHP Brian Clark
Now at 3B: Odell Mapute
Now in LF: Reese Bowman
Batting: RHB Kip Clark 0-0: Ball
1-0: Foul Ball, location: 2F
1-1: Called Strike
1-2: Ball
2-2: Foul Ball, location: 2F
2-2: Foul Ball, location: 2F
2-2: Ground out 5-3 (Groundball, 56, EV 88.8 MPH)
Batting: RHB Seth Floyd 0-0: Called Strike
0-1: Swinging Strike
0-2: Foul Ball, location: 2F
0-2: Ball
1-2: Strikes out swinging
Batting: LHB Jordy Wovchanoff 0-0: Called Strike
0-1: Ball
1-1: Ball
2-1: Foul Ball, location: 2F
2-2: Ball
3-2: Base on Balls
Batting: LHB Daryl Walken 0-0: Foul Ball, location: 2F
0-1: Ground out U3 (Groundball, 3, EV 103.1 MPH)
Bottom of the 9th over - 0 runs, 0 hits, 0 errors, 1 left on base; Toronto 5 - New Orleans 4
Tuesday, April 2nd , 2024 - OOTP Baseball 23.10 Build 110